TOP OF THE 1ST |
Winnipeg Goldeyes batting - Pitching for New Jersey Devils : LHP Jared Deckard
|
Pitching: LHP Jared Deckard
|
|
Batting: RHB John Dew
|
0-0: Called Strike 0-1: Foul Ball, location: 2F 0-2: Strikes out looking
|
Batting: LHB Marvin Shepherd
|
0-0: Called Strike 0-1: Foul Ball, location: 2F 0-2: Ball 1-2: Ball 2-2: Ground out U3 (Groundball, 3, EV 101.9 MPH)
|
Batting: SHB Manny Molina
|
0-0: Ball 1-0: Called Strike 1-1: Foul Ball, location: 2F 1-2: Ball 2-2: Foul Ball, location: 2F 2-2: Ball 3-2: Base on Balls
|
Batting: RHB Steve Raine
|
0-0: Ball Manny Molina steals 2nd base 1-0: Ball 2-0: Foul Ball, location: 2F 2-1: 2-RUN HOME RUN (Flyball, 7D, EV 98.1 MPH), Distance : 375 ft
|
Batting: RHB Kevin Harris
|
0-0: Swinging Strike 0-1: SOLO HOME RUN (Flyball, 78XD, EV 103.8 MPH), Distance : 414 ft
|
Batting: LHB Marshall Daul
|
0-0: Foul Ball, location: 2F 0-1: Ball 1-1: SOLO HOME RUN (Flyball, 9D, EV 96.9 MPH), Distance : 372 ft
|
Batting: LHB Brian Wagner
|
0-0: Called Strike 0-1: Foul Ball, location: 2F 0-2: Foul Ball, location: 2F 0-2: Strikes out swinging
|
Top of the 1st over - 4 runs, 3 hits, 0 errors, 0 left on base; Winnipeg 4 - New Jersey 0 |
BOTTOM OF THE 1ST |
New Jersey Devils batting - Pitching for Winnipeg Goldeyes : RHP Jason Stout
|
Pitching: RHP Jason Stout
|
|
Batting: SHB Tyler Maddux
|
0-0: Ball 1-0: Called Strike 1-1: Foul Ball, location: 2F 1-2: Ball 2-2: Ground out U3 (Groundball, 34S, EV 85.6 MPH)
|
Batting: RHB Oscar Bravo
|
0-0: SINGLE (Groundball, 3S, EV 63.8 MPH) (infield hit)
|
Batting: RHB Larry Shoop
|
0-0: Called Strike 0-1: Swinging Strike 0-2: Ball Wild Pitch! Oscar Bravo to second 1-2: Ball 2-2: Fly out, F4 (Popup, 4M, EV 57.5 MPH)
|
Batting: LHB Tony Leyba
|
0-0: Called Strike 0-1: Called Strike 0-2: Ball 1-2: Foul Ball, location: 2F 1-2: Ball 2-2: Foul Ball, location: 2F 2-2: Ground out 4-3 (Groundball, 4, EV 76.9 MPH)
|
Bottom of the 1st over - 0 runs, 1 hit, 0 errors, 1 left on base; Winnipeg 4 - New Jersey 0 |
TOP OF THE 2ND |
Winnipeg Goldeyes batting - Pitching for New Jersey Devils : LHP Jared Deckard
|
Batting: RHB Antonio Santos
|
0-0: Ball 1-0: Called Strike 1-1: Fly out, F8 (Flyball, 8LM, EV 95.6 MPH)
|
Batting: RHB Ton van Dijk
|
0-0: Ball 1-0: Ball 2-0: Called Strike 2-1: Ball 3-1: Called Strike 3-2: Ground out 5-3 (Groundball, 56S, EV 90.0 MPH)
|
Batting: RHB John Dew
|
0-0: Ball 1-0: Ball 2-0: Ball 3-0: Called Strike 3-1: Base on Balls
|
Batting: LHB Marvin Shepherd
|
0-0: Ball 1-0: Ball 2-0: Fielders Choice at 2nd, 6-4 (Groundball, 56, EV 81.2 MPH)
|
Top of the 2nd over - 0 runs, 0 hits, 0 errors, 1 left on base; Winnipeg 4 - New Jersey 0 |
BOTTOM OF THE 2ND |
New Jersey Devils batting - Pitching for Winnipeg Goldeyes : RHP Jason Stout
|
Batting: RHB Dan Muse
|
0-0: Called Strike 0-1: Ball 1-1: Fly out, F9 (Flyball, 9, EV 81.9 MPH)
|
Batting: LHB Miguel Ramos
|
0-0: Called Strike 0-1: Ball 1-1: Ball 2-1: Foul Ball, location: 2F 2-2: Strikes out swinging
|
Batting: RHB Brian Bonin
|
0-0: Called Strike 0-1: Called Strike 0-2: Strikes out looking
|
Bottom of the 2nd over - 0 runs, 0 hits, 0 errors, 0 left on base; Winnipeg 4 - New Jersey 0 |
TOP OF THE 3RD |
Winnipeg Goldeyes batting - Pitching for New Jersey Devils : LHP Jared Deckard
|
Batting: SHB Manny Molina
|
0-0: Ball 1-0: Swinging Strike 1-1: Swinging Strike 1-2: Strikes out looking
|
Batting: RHB Steve Raine
|
0-0: Ball 1-0: Foul Ball, location: 2F 1-1: Ground out 3-1 (Groundball, 34, EV 85.6 MPH)
|
Batting: RHB Kevin Harris
|
0-0: Ball 1-0: Ball 2-0: Foul Ball, location: 2F 2-1: Foul Ball, location: 2F 2-2: Strikes out swinging
|
Top of the 3rd over - 0 runs, 0 hits, 0 errors, 0 left on base; Winnipeg 4 - New Jersey 0 |
BOTTOM OF THE 3RD |
New Jersey Devils batting - Pitching for Winnipeg Goldeyes : RHP Jason Stout
|
Batting: LHB Matt Baker
|
0-0: Called Strike 0-1: Called Strike 0-2: Ball 1-2: Ball 2-2: Strikes out swinging
|
Batting: RHB Chris Graham
|
0-0: Swinging Strike 0-1: Foul Ball, location: 2F 0-2: Ball 1-2: Ball 2-2: Foul Ball, location: 2F 2-2: Foul Ball, location: 2F 2-2: Strikes out swinging
|
Batting: SHB Tyler Maddux
|
0-0: Foul Ball, location: 2F 0-1: Foul Ball, location: 2F 0-2: Ball 1-2: Foul Ball, location: 2F 1-2: Ball 2-2: SINGLE (Groundball, 4M, EV 103.8 MPH) (infield hit)
|
Batting: RHB Oscar Bravo
|
0-0: Called Strike 0-1: DOUBLE (Flyball, 8LD, EV 108.1 MPH) Tyler Maddux to third Runner from 3rd tries for Home, SAFE, throw by CF to trailing runner, SAFE at third!
|
Batting: RHB Larry Shoop
|
0-0: Ball 1-0: TRIPLE (Flyball, 89XD, EV 91.9 MPH) Oscar Bravo scores
|
Batting: LHB Tony Leyba
|
0-0: Called Strike 0-1: Foul Ball, location: 2F 0-2: Fly out, F3 (Line Drive, 3, EV 69.4 MPH)
|
Bottom of the 3rd over - 2 runs, 3 hits, 0 errors, 1 left on base; Winnipeg 4 - New Jersey 2 |
TOP OF THE 4TH |
Winnipeg Goldeyes batting - Pitching for New Jersey Devils : LHP Jared Deckard
|
Batting: LHB Marshall Daul
|
0-0: Ball 1-0: Foul Ball, location: 2F 1-1: Fly out, F8 (Line Drive, 8RM, EV 100.0 MPH)
|
Batting: LHB Brian Wagner
|
0-0: Called Strike 0-1: Called Strike 0-2: Ball 1-2: Ball 2-2: Ball 3-2: Strikes out swinging
|
Batting: RHB Antonio Santos
|
0-0: Ball 1-0: Called Strike 1-1: Swinging Strike 1-2: Foul Ball, location: 2F 1-2: Strikes out swinging
|
Top of the 4th over - 0 runs, 0 hits, 0 errors, 0 left on base; Winnipeg 4 - New Jersey 2 |
BOTTOM OF THE 4TH |
New Jersey Devils batting - Pitching for Winnipeg Goldeyes : RHP Jason Stout
|
Batting: RHB Dan Muse
|
0-0: Ball 1-0: Ball 2-0: SINGLE (Groundball, 56, EV 103.8 MPH) (infield hit)
|
Batting: LHB Miguel Ramos
|
0-0: SINGLE (Flyball, 9S, EV 88.1 MPH) Dan Muse to second Runner from 2nd tries for 3rd, SAFE, throw by RF made to third
|
Batting: RHB Brian Bonin
|
0-0: SINGLE (Flyball, 6MD, EV 88.1 MPH) Dan Muse scores Miguel Ramos to second
|
Batting: LHB Matt Baker
|
0-0: Fielders Choice at 2nd, 3-6 (Groundball, 3, EV 100.6 MPH) Miguel Ramos to third
|
Batting: RHB Chris Graham
|
0-0: Called Strike 0-1: SINGLE (Groundball, 4MS, EV 71.9 MPH) (infield hit) Miguel Ramos scores Matt Baker to second
|
Batting: SHB Tyler Maddux
|
0-0: Ball 1-0: Foul Ball, location: 2F 1-1: Fly out, F7 (Flyball, 7S, EV 88.8 MPH)
|
Batting: RHB Oscar Bravo
|
0-0: Foul Ball, location: 2F 0-1: Foul Ball, location: 2F 0-2: Ball 1-2: SINGLE (Line Drive, 9S, EV 101.9 MPH) Matt Baker to third Chris Graham to second
|
Batting: RHB Larry Shoop
|
0-0: Called Strike 0-1: Foul Ball, location: 2F 0-2: Strikes out looking
|
Bottom of the 4th over - 2 runs, 5 hits, 0 errors, 3 left on base; Winnipeg 4 - New Jersey 4 |
TOP OF THE 5TH |
Winnipeg Goldeyes batting - Pitching for New Jersey Devils : LHP Jared Deckard
|
Batting: RHB Ton van Dijk
|
0-0: Ball 1-0: Ball 2-0: Ball 3-0: Foul Ball, location: 2F 3-1: Foul Ball, location: 2F 3-2: Base on Balls
|
Batting: RHB John Dew
|
0-0: Ball 1-0: Foul Ball, location: 2F 1-1: Ball 2-1: Called Strike 2-2: Foul Ball, location: 2F 2-2: Ball 3-2: Foul Ball, location: 2F 3-2: Grounds into double play, 6-4-3 (Groundball, 6, EV 84.4 MPH)
|
Batting: LHB Marvin Shepherd
|
0-0: Ball 1-0: Ball 2-0: Ball 3-0: Base on Balls
|
Batting: SHB Manny Molina
|
0-0: Ball 1-0: Called Strike Marvin Shepherd steals 2nd base 1-1: Foul Ball, location: 2F 1-2: Strikes out looking
|
Top of the 5th over - 0 runs, 0 hits, 0 errors, 1 left on base; Winnipeg 4 - New Jersey 4 |
BOTTOM OF THE 5TH |
New Jersey Devils batting - Pitching for Winnipeg Goldeyes : RHP Jason Stout
|
Batting: LHB Tony Leyba
|
0-0: Ball 1-0: Fly out, F8 (Flyball, 8LS, EV 86.9 MPH)
|
Batting: RHB Dan Muse
|
0-0: SINGLE (Line Drive, 56D, EV 96.9 MPH)
|
Batting: LHB Miguel Ramos
|
0-0: Ball Dan Muse is caught stealing 2nd base 2-6 1-0: Ball 2-0: Ball 3-0: Called Strike 3-1: Ground out U3 (Groundball, 3L, EV 88.8 MPH)
|
Bottom of the 5th over - 0 runs, 1 hit, 0 errors, 0 left on base; Winnipeg 4 - New Jersey 4 |
TOP OF THE 6TH |
Winnipeg Goldeyes batting - Pitching for New Jersey Devils : LHP Jared Deckard
|
Batting: RHB Steve Raine
|
0-0: Called Strike 0-1: Foul Ball, location: 2F 0-2: Ball 1-2: Foul Ball, location: 2F 1-2: Ball 2-2: Foul Ball, location: 2F 2-2: Ball 3-2: Foul Ball, location: 2F 3-2: Base on Balls
|
Batting: RHB Kevin Harris
|
0-0: SINGLE (Groundball, 5S, EV 60.0 MPH) (infield hit) Steve Raine to second
|
Batting: LHB Marshall Daul
|
0-0: Ball 1-0: Ball 2-0: Ball 3-0: Called Strike 3-1: Swinging Strike 3-2: Strikes out swinging
|
Batting: LHB Brian Wagner
|
0-0: Called Strike 0-1: Fly out, F4 (Popup, 4D, EV 48.1 MPH)
|
Pitching: LHP Mike Mathews
|
|
Batting: RHB Antonio Santos
|
0-0: Called Strike 0-1: Foul Ball, location: 2F 0-2: Strikes out looking
|
Top of the 6th over - 0 runs, 1 hit, 0 errors, 2 left on base; Winnipeg 4 - New Jersey 4 |
BOTTOM OF THE 6TH |
New Jersey Devils batting - Pitching for Winnipeg Goldeyes : RHP Jason Stout
|
Batting: RHB Brian Bonin
|
0-0: Ball 1-0: Reached via error on a dropped throw from 2B, E3 (Groundball, 4, EV 90.0 MPH)
|
Batting: LHB Matt Baker
|
0-0: Ball 1-0: Swinging Strike 1-1: Foul Ball, location: 2F 1-2: Ball 2-2: Foul Ball, location: 2F 2-2: Fly out, F7 (Flyball, 7, EV 90.6 MPH)
|
Batting: RHB Chris Graham
|
0-0: Foul Ball, location: 2F 0-1: Ball 1-1: Foul Ball, location: 2F 1-2: Strikes out looking
|
Batting: SHB Tyler Maddux
|
0-0: Called Strike 0-1: Ball 1-1: Foul Ball, location: 2F 1-2: Fly out, F8 (Line Drive, 8LS, EV 106.2 MPH)
|
Bottom of the 6th over - 0 runs, 0 hits, 1 error, 1 left on base; Winnipeg 4 - New Jersey 4 |
TOP OF THE 7TH |
Winnipeg Goldeyes batting - Pitching for New Jersey Devils : LHP Mike Mathews
|
Batting: RHB Ton van Dijk
|
0-0: Called Strike 0-1: Foul Ball, location: 2F 0-2: Ball 1-2: Fly out, F3 (Flyball, 34D, EV 91.9 MPH)
|
Batting: RHB John Dew
|
0-0: Ball 1-0: Foul Ball, location: 2F 1-1: Fly out, F7 (Flyball, 7LM, EV 90.6 MPH)
|
Batting: LHB Marvin Shepherd
|
0-0: Ball 1-0: Ball 2-0: Called Strike 2-1: Foul Ball, location: 2F 2-2: Foul Ball, location: 2F 2-2: Ball 3-2: SINGLE (Groundball, 6MD, EV 98.8 MPH)
|
Batting: SHB Manny Molina
|
0-0: Called Strike Marvin Shepherd is caught stealing 2nd base 2-4
|
Top of the 7th over - 0 runs, 1 hit, 0 errors, 0 left on base; Winnipeg 4 - New Jersey 4 |
BOTTOM OF THE 7TH |
New Jersey Devils batting - Pitching for Winnipeg Goldeyes : RHP Jason Stout
|
Batting: RHB Oscar Bravo
|
0-0: Fly out, F7 (Line Drive, 7S, EV 102.5 MPH)
|
Batting: RHB Larry Shoop
|
0-0: Called Strike 0-1: Foul Ball, location: 2F 0-2: Foul Ball, location: 2F 0-2: Ball 1-2: Ball 2-2: SINGLE (Groundball, 6MD, EV 108.1 MPH)
|
Batting: LHB Tony Leyba
|
0-0: Called Strike 0-1: Grounds into double play, 4-6-3 (Groundball, 4, EV 85.6 MPH)
|
Bottom of the 7th over - 0 runs, 1 hit, 0 errors, 0 left on base; Winnipeg 4 - New Jersey 4 |
TOP OF THE 8TH |
Winnipeg Goldeyes batting - Pitching for New Jersey Devils : LHP Mike Mathews
|
Batting: SHB Manny Molina
|
0-0: Fly out, F7 (Flyball, 78M, EV 95.0 MPH)
|
Batting: RHB Steve Raine
|
0-0: Foul Ball, location: 2F 0-1: Ball 1-1: SINGLE (Line Drive, 6D, EV 100.0 MPH)
|
Batting: RHB Kevin Harris
|
0-0: Ball 1-0: Called Strike 1-1: Ball 2-1: DOUBLE (Line Drive, 7LS, EV 93.1 MPH) Steve Raine to third Runner from 3rd tries for Home, SAFE, no throw by LF
|
Batting: LHB Marshall Daul
|
0-0: Intentional Walk
|
Batting: LHB Brian Wagner
|
0-0: Called Strike 0-1: Called Strike 0-2: Foul Ball, location: 2F 0-2: Foul Ball, location: 2F 0-2: SINGLE (Flyball, 34D, EV 95.6 MPH) Kevin Harris to third Marshall Daul to second
|
Batting: RHB Antonio Santos
|
0-0: Called Strike 0-1: Swinging Strike 0-2: Ball 1-2: Strikes out swinging
|
Batting: RHB Ton van Dijk
|
0-0: Ball 1-0: Swinging Strike 1-1: Called Strike 1-2: Strikes out swinging
|
Top of the 8th over - 1 run, 3 hits, 0 errors, 3 left on base; Winnipeg 5 - New Jersey 4 |
BOTTOM OF THE 8TH |
New Jersey Devils batting - Pitching for Winnipeg Goldeyes : RHP Jason Stout
|
Batting: RHB Dan Muse
|
0-0: Called Strike 0-1: Ball 1-1: SINGLE (Line Drive, 89D, EV 101.9 MPH)
|
Pitching: RHP Ruben Calderon
|
|
Batting: LHB Miguel Ramos
|
0-0: Ball 1-0: Foul Ball, location: 2F 1-1: Ball 2-1: Ball 3-1: Base on Balls Dan Muse to second
|
Batting: RHB Brian Bonin
|
0-0: Ball 1-0: Sac Bunt to 15 - play at first, batter OUT! 1-4 Dan Muse to third Miguel Ramos to second
|
Pitching: RHP Takeshi Kusanagi
|
|
Batting: LHB Matt Baker
|
0-0: Ball 1-0: Ball 2-0: Ball 3-0: Called Strike 3-1: Base on Balls
|
Batting: RHB Chris Graham
|
0-0: Ball 1-0: Called Strike 1-1: Swinging Strike 1-2: Strikes out swinging
|
Batting: SHB Tyler Maddux
|
0-0: Called Strike 0-1: Ball 1-1: Fly out, F3 (Line Drive, 3, EV 66.9 MPH)
|
Bottom of the 8th over - 0 runs, 1 hit, 0 errors, 3 left on base; Winnipeg 5 - New Jersey 4 |
TOP OF THE 9TH |
Winnipeg Goldeyes batting - Pitching for New Jersey Devils : LHP Mike Mathews
|
Pitching: LHP Jesus Espitia
|
|
Batting: RHB John Dew
|
0-0: Called Strike 0-1: Ball 1-1: Ground out 2-3 (Groundball, 2L, EV 74.4 MPH)
|
Batting: LHB Marvin Shepherd
|
0-0: Ball 1-0: Foul Ball, location: 2F 1-1: Ball 2-1: Ball 3-1: Base on Balls
|
Batting: SHB Manny Molina
|
0-0: Ball 1-0: Ball 2-0: Swinging Strike 2-1: Called Strike 2-2: Foul Ball, location: 2F 2-2: Ball 3-2: Base on Balls Marvin Shepherd to second
|
Batting: RHB Steve Raine
|
0-0: Fielders Choice at 2nd, 3-6 (Groundball, 34, EV 103.8 MPH) Marvin Shepherd to third
|
Batting: RHB Kevin Harris
|
0-0: Ball 1-0: Ball 2-0: Called Strike 2-1: Ball 3-1: Swinging Strike 3-2: Base on Balls Steve Raine to second
|
Batting: LHB Marshall Daul
|
0-0: Ball 1-0: Ball 2-0: Ball 3-0: Base on Balls Marvin Shepherd scores Steve Raine to third Kevin Harris to second
|
Batting: LHB Brian Wagner
|
0-0: Ball 1-0: Ball 2-0: Swinging Strike 2-1: Fly out, F7 (Flyball, 78S, EV 91.2 MPH)
|
Top of the 9th over - 1 run, 0 hits, 0 errors, 3 left on base; Winnipeg 6 - New Jersey 4 |
BOTTOM OF THE 9TH |
New Jersey Devils batting - Pitching for Winnipeg Goldeyes : RHP Takeshi Kusanagi
|
Batting: RHB Oscar Bravo
|
0-0: Ball 1-0: Foul Ball, location: 2F 1-1: Called Strike 1-2: Ball 2-2: Hit by Pitch
|
Batting: RHB Larry Shoop
|
0-0: Ball 1-0: Called Strike 1-1: Ball 2-1: Foul Ball, location: 2F 2-2: Fly out, F9 (Flyball, 89M, EV 88.8 MPH)
|
Batting: LHB Tony Leyba
|
0-0: Called Strike 0-1: Ball 1-1: 2-RUN HOME RUN (Flyball, 7D, EV 96.2 MPH), Distance : 374 ft
|
Batting: RHB Dan Muse
|
0-0: Called Strike 0-1: Ball 1-1: Ground out 4-3 (Groundball, 4M, EV 91.9 MPH)
|
Batting: LHB Miguel Ramos
|
0-0: Ball 1-0: Called Strike 1-1: Called Strike 1-2: Ball 2-2: Strikes out swinging
|
Bottom of the 9th over - 2 runs, 1 hit, 0 errors, 0 left on base; Winnipeg 6 - New Jersey 6 |
TOP OF THE 10TH |
Winnipeg Goldeyes batting - Pitching for New Jersey Devils : LHP Jesus Espitia
|
Pitching: RHP Antonio Reyes
|
|
Pinch Hitting: LHB Kuemon Shishido
|
0-0: Called Strike 0-1: Ball 1-1: Foul Ball, location: 2F 1-2: Fly out, F6 (Popup, 6, EV 53.8 MPH)
|
Pinch Hitting: SHB Matt Urbani
|
0-0: Swinging Strike 0-1: Ball 1-1: Ball 2-1: Ball 3-1: Called Strike 3-2: Base on Balls
|
Batting: RHB John Dew
|
0-0: Ball 1-0: Called Strike 1-1: Ball 2-1: Called Strike 2-2: Ball 3-2: SINGLE (Flyball, 6MD, EV 94.4 MPH) Matt Urbani to second
|
Batting: LHB Marvin Shepherd
|
0-0: Called Strike 0-1: Ball 1-1: Foul Ball, location: 2F 1-2: Ball 2-2: Ball 3-2: Base on Balls Matt Urbani to third John Dew to second
|
Batting: SHB Manny Molina
|
0-0: Foul Ball, location: 2F 0-1: Foul Ball, location: 2F 0-2: Foul Ball, location: 2F 0-2: Ball 1-2: Foul Ball, location: 2F 1-2: Ball 2-2: SINGLE (Line Drive, 8LS, EV 106.2 MPH) Matt Urbani scores John Dew to third Marvin Shepherd to second Runner from 3rd tries for Home, SAFE, throw by LF to home
|
Pitching: RHP Jeremy Delka
|
|
Batting: RHB Steve Raine
|
0-0: Ball 1-0: Swinging Strike 1-1: Ball Marvin Shepherd steals 3rd base Manny Molina to second 2-1: Called Strike 2-2: Strikes out looking
|
Batting: RHB Kevin Harris
|
0-0: Ball 1-0: Ball 2-0: Ground out U3 (Groundball, 3S, EV 85.0 MPH)
|
Top of the 10th over - 2 runs, 2 hits, 0 errors, 2 left on base; Winnipeg 8 - New Jersey 6 |
BOTTOM OF THE 10TH |
New Jersey Devils batting - Pitching for Winnipeg Goldeyes : RHP Takeshi Kusanagi
|
Now at 3B: Jeremy Witt
|
|
Now in CF: Marshall Daul
|
|
Now in RF: Dave Bertheau
|
|
Batting: RHB Brian Bonin
|
0-0: Swinging Strike 0-1: Fly out, F9 (Flyball, 89S, EV 91.2 MPH)
|
Batting: LHB Matt Baker
|
0-0: Called Strike 0-1: Ball 1-1: Swinging Strike 1-2: Foul Ball, location: 2F 1-2: Strikes out swinging
|
Batting: RHB Chris Graham
|
0-0: Ball 1-0: Ball 2-0: Ball 3-0: Base on Balls
|
Pitching: RHP Brian Waldrip
|
|
Batting: SHB Tyler Maddux
|
0-0: Ground out 4-3 (Groundball, 34D, EV 97.5 MPH)
|
Bottom of the 10th over - 0 runs, 0 hits, 0 errors, 1 left on base; Winnipeg 8 - New Jersey 6 |
|